AoeStats
← Charlitos22

Arena

508992091Analyzed
1v1 RM · 8d ago on Sep 25, 2026· 37m 42s· 2 players
Game mode
Random Map
Map size
Tiny (2 player)
Population
200
Speed
Normal
Resources
Standard
Victory
Conquest
Starting age
Dark Age
Ending age
Imperial Age
RankedLock teamsTeams togetherTeam positionsShared explorationLock speedFull tech treeHidden civsTurbo modeCheats
Victory
Defeat
🇨🇱 Britons · Chile
723
+16
🇧🇷 Varangians · Brazil
721
-16
PNLN Xavante
10:52 Feudal Age
11:26 Double-Bit Axe
16:07 Castle Age
14:42 Gold Mining
15:57 Horse Collar
16:48 Loom
21:39 Bow Saw
24:08 Stone Mining
26:27 Wheelbarrow
26:16 Scale Barding Armor
26:08 Town Watch
26:18 Town Watch
29:04 Chain Barding Armor
29:29 Heavy Plow
29:48 Forging
33:46 Imperial Age
32:00 Iron Casting
32:29 Vendel Legacy
33:03 Fletching
33:15 Padded Archer Armor
33:30 Bloodlines
33:21 Husbandry
32:49 Light Cavalry
33:40 Murder Holes
34:59 Stone Shaft Mining
34:54 Conscription
36:30 Hand Cart
36:54 Treadmill Crane
Charlitos22
10:22 Feudal Age
15:01 Castle Age
13:21 Loom
16:32 Double-Bit Axe
17:30 Wheelbarrow
16:41 Town Watch
21:08 Horse Collar
23:17 Fervor
23:41 Crossbowman
24:18 Stone Mining
24:21 Gold Mining
25:12 Bow Saw
25:05 Heavy Plow
25:31 Treadmill Crane
26:38 Gold Shaft Mining
29:43 Imperial Age
27:34 Hand Cart
27:31 Fletching
28:51 Town Patrol
29:55 Yeomen
30:23 Arbalester
32:49 Conscription
32:45 Elite Longbowman
35:09 Two-Man Saw
33:50 Pikeman
35:01 Bodkin Arrow
35:32 Ballistics
36:12 Chemistry
36:29 Bracer
36:30 Padded Archer Armor
36:41 Forging
Connection lost

Rejoining the realm…

Still unreachable

The connection could not be restored.

Session expired

The server has moved on; the page needs a fresh start.